 Dungeon Crawl Stone Soup version 0.27-a0-362-g8331d791d5 (webtiles) character file.

Game seed: 599528756573051148

41 MummyMadness the Cutter (level 3, 0/24 HPs)
             Began as an Octopode Warper on Feb 16, 2021.
             Succumbed to a goblin's poison
             ... on level 1 of the Dungeon.
             The game lasted 00:02:35 (1214 turns).

MummyMadness the Cutter (Octopode Warper)           Turns: 1214, Time: 00:02:35

Health: 0/24       AC:  1    Str: 10    XL:     3   Next: 52%
Magic:  6/6        EV: 13    Int: 15    God:
Gold:   46         SH:  0    Dex: 12    Spells: 6/6 levels left

rFire    . . .     SeeInvis .   a - +0 short sword
rCold    . . .     Faith    .   (no shield)
rNeg     . . .     Spirit   .   (helmet restricted)
rPois    .         Reflect  .   (no amulet)
rElec    .         Harm     .   (no ring)
rCorr    .         Rampage  .   (no ring)
Will     .....                  (no ring)
Stlth    ++........             (no ring)
HPRegen  0.08/turn              (no ring)
MPRegen  0.10/turn              (no ring)
                                (no ring)
                                (no ring)

@: lethally poisoned (0 -> -9)
A: almost no armour, stealthy swim, amphibious, 8 rings, constrict 8, camouflage
1, gelatinous body 1
a: no special abilities


You were on level 1 of the Dungeon.
You visited 1 branch of the dungeon, and saw 2 of its levels.

You collected 46 gold pieces.


Innate Abilities, Weirdness & Mutations

You cannot wear most types of armour.
You are very stealthy in the water. (Stealth+)
You are amphibious.
You can wear up to eight rings at the same time.
You can use your tentacles to constrict eight enemies at once.
Your skin changes colour to match your surroundings (Stealth+).
Your rubbery body absorbs attacks. (AC +1, EV +1)


   Skills:
 - Level 2.0 Fighting
 * Level 3.8 Short Blades
 - Level 1.0 Throwing
 - Level 2.3 Dodging
 - Level 2.0 Spellcasting
 - Level 3.0 Translocations


You had 6 spell levels left.
You didn't know any spells.
Your spell library contained the following spells:

 Spells                   Type           Power        Failure   Level
 Blink                    Tloc           N/A          10%         2
 Gell's Gravitas          Tloc           5%           19%         3
 Lesser Beckoning         Tloc           5%           19%         3
 Teleport Other           Tloc           10%          19%         3
 Manifold Assault         Tloc           10%          54%         4

Inventory:

Hand Weapons
 a - a +0 short sword (weapon)
Missiles
 b - 60 stones
 d - 5 boomerangs of dispersal (quivered) {=f}
 e - 12 bolts
Scrolls
 c - a scroll of blinking
 f - 4 scrolls of identify {unknown}
 g - 2 scrolls of enchant weapon {unknown}

Dungeon Overview and Level Annotations

Branches:
Dungeon (2/15)

Altars:

Annotations:
D:2 Robin

.+.........'............# #......
##.........####...##.#### ###...#
##.......## ##........# ##...##
##.....## #.###.##.###.#.##
#####...## #.# #.##.##.###.#
#...##'## #)###.##.###.#.##
.....#.# #g##..##.# ##.##
.......# #.##.###.####.###
.......#########@##.# #.##.....#
.........g)...##.##.###.##.#.#.##
.........####.##........##.#.....
........## #.#####.######.###.##
.....#.## #.g.....# #.....#
....#### ######### ####### .####
.# ##


You could see a goblin.


Message History

You see here a +0 club.
You feel sick.
You are no longer poisoned.
You see here a +0 dagger.
The goblin closely misses you.
You hit the goblin. Your grab misses the goblin.
The goblin is moderately wounded.
The goblin hits you.
* * * LOW HITPOINT WARNING * * *
The goblin hits you with a +2 dagger of venom.
* * * LOW HITPOINT WARNING * * *
You are lethally poisoned!
You hit the goblin.
You kill the goblin!
* * * LOW HITPOINT WARNING * * *
You feel sick. The goblin hits you.
* * * LOW HITPOINT WARNING * * *
You aren't carrying any potions.
Unknown command.
Okay, then.
You aren't carrying any potions.
Unknown command.
* * * LOW HITPOINT WARNING * * *
You feel sick.
You see here a +2 dagger of venom.
* * * LOW HITPOINT WARNING * * *
You feel sick.
* * * LOW HITPOINT WARNING * * *
You feel sick.
You die...

Skill      XL: |  1  2 |
---------------+-------+-----
Short Blades   | 3 |  3.8
Fighting       | |  2.0
Throwing       | |  1.0
Dodging        | |  2.3
Spellcasting   | |  2.0
Translocations | |  3.0

Action                   || total
-------------------------++-------
Melee: Short sword       ||    50
       Constrict         ||    16
       Tentacles         ||    13
 Stab: Sleeping          ||     3
Armor: Skin              ||     3
Dodge: Dodged            ||    22

Levels and vault maps discovered:
D:1:      nzn_arrival_settlement, layout_loops_corners
D:2:      layout_loops_ring, general_overflow_altar, elyvilon_altar_4,
          uniq_jessica, uniq_sigmund, uniq_robin

Notes
Turn   | Place    | Note
-------+----------+-------------------------------------------
     0 | D:1      | MummyMadness the Octopode Warper began the quest for the
                  | Orb.
     0 | D:1      | Reached XP level 1. HP: 14/14 MP: 3/3
   187 | D:1      | Reached XP level 2. HP: 19/19 MP: 5/5
   457 | D:1      | Reached skill level 3 in Short Blades
   541 | D:1      | Reached XP level 3. HP: 24/24 MP: 6/6
  1108 | D:2      | Noticed Robin
  1212 | D:1      | HP: 2/24 [poisoned by a goblin]
  1214 | D:1      | Succumbed to a goblin's poison

Vanquished Creatures
  An ooze (D:1)
  2 dart slugs (D:1)
  A leopard gecko (D:1)
  A bat (D:1)
  A giant cockroach (D:1)
  9 goblins
  7 hobgoblins (D:1)
  2 frilled lizards (D:1)
  2 kobolds (D:1)
  3 rats
29 creatures vanquished.
